 Dungeon Crawl Stone Soup version 0.21-a0-200-gb89f83b (console) character file.

37 Duffy the Sneak (level 3, -1/16 HPs)
             Began as a Spriggan Enchanter on Aug 16, 2017.
             Slain by Grinder (3 damage)
             ... while paralysed by Grinder
             ... on level 3 of the Dungeon.
             The game lasted 00:01:45 (1233 turns).

Duffy the Sneak (Spriggan Enchanter)                Turns: 1233, Time: 00:01:47

Health: -1/16      AC:  2    Str:  4    XL:     3   Next: 23%
Magic:  9/9        EV:  4    Int: 16    God:
Gold:   38         SH:  0    Dex: 17    Spells: 0/9 levels left

rFire    . . .     SeeInvis +   a - +1 dagger
rCold    . . .     Gourm    .   (shield restricted)
rNeg     . . .     Faith    .   b - +0 robe
rPois    .         Spirit   .   (helmet restricted)
rElec    .         Reflect  .   (no cloak)
rCorr    .         Harm     .   (gloves unavailable)
MR       +....                  (boots unavailable)
Stlth    +++.......             (no amulet)
HPRegen  0.05/turn              g - ring of protection from magic
MPRegen  0.11/turn              (no ring)

@: paralysed, very quick
A: unfitting armour, see invisible, herbivore 3, speed 3, slow metabolism 2
a: no special abilities


You were on level 3 of the Dungeon.
You were not hungry.

You visited 1 branch of the dungeon, and saw 3 of its levels.

You collected 38 gold pieces.

Inventory:

Hand Weapons
 a - a +1 dagger (weapon)
Armour
 b - a +0 robe (worn)
Jewellery
 g - a ring of protection from magic (left hand)
Scrolls
 e - a scroll of remove curse {unknown}
 f - 2 scrolls of recharging {unknown}
 j - a scroll of teleportation {unknown}
 k - a scroll of enchant armour {unknown}
 l - a scroll of magic mapping {unknown}
Potions
 h - a potion of flight {unknown}
 i - a potion of might {unknown}
Books
 c - a book of Maledictions

   Spells                             Type                      Level
   a - Corona                         Hexes                        1
   b - Ensorcelled Hibernation        Hexes/Ice                    2
   c - Confuse                        Hexes                        3
   d - Tukima's Dance                 Hexes                        3
   e - Dazzling Spray                 Conjuration/Hexes            3
Comestibles
 d - 2 bread rations


   Skills:
 - Level 2.0 Short Blades
 - Level 3.0 Dodging
 - Level 4.8 Stealth
 + Level 3.5 Spellcasting
 - Level 3.9 Hexes


You couldn't memorise any spells.
You knew the following spells:

 Your Spells              Type           Power        Failure   Level  Hunger
a - Ensorcelled Hibernat  Hex/Ice        #.....       12%         2    ##.....
c - Confuse               Hex            ###.....     11%         3    ###....
h - Tukima's Dance        Hex            ###.....     11%         3    ###....
r - Corona                Hex            ###....      3%          1    None


Dungeon Overview and Level Annotations

Branches:
Dungeon (3/15)

Altars:
Makhleb

Annotations:
D:3 Grinder


Innate Abilities, Weirdness & Mutations

You are very small and have problems with some larger weapons.
You are too small for most types of armour.
You have supernaturally acute eyesight. (SInv)
You are a herbivore.
You cover ground extremely quickly.
You need consume almost no food.


Message History

You hear the sound of rushing water.
There is an entrance to a sewer on this level.
Hurry and find it before the portal rusts away!
There is a stone staircase leading up here.
Okay, then.
Grinder comes into view.
Grinder shouts!
Grinder gestures at you. Pain shoots through your body!
Grinder says, "You look like you could use a good racking."
Grinder misses you.
You closely miss Grinder. Grinder hits you but does no damage.
You hit Grinder but do no damage. Grinder misses you.
You barely miss Grinder. You hit Grinder.
Grinder is lightly wounded.
Grinder gestures at you.
You suddenly lose the ability to move!
Grinder hits you!
You writhe in agony.
Grinder hits you.
You die...

#..# ######..#
..#<....#
#.#####.####
#.##.......#
########.##.##..#.#
#...........###.#
.. #...........#
..# .#
#...@......## #.# #
#..5.......# ..
#..........# #.#
#..........# .#
#..........#
############


You could see Grinder.

Vanquished Creatures
  An adder (D:2)
  2 leopard geckos (D:2)
  A giant cockroach (D:2)
  6 hobgoblins (D:2)
  A jackal (D:2)
  A quokka (D:2)
  2 bats (D:2)
  2 frilled lizards (D:2)
  6 kobolds (D:2)
  3 rats
25 creatures vanquished.

Vanquished Creatures (others)
  5 toadstools (D:2)
5 creatures vanquished.

Grand Total: 30 creatures vanquished

Notes
Turn   | Place    | Note
-------+----------+-------------------------------------------
     0 | D:1      | Duffy the Spriggan Enchanter began the quest for the Orb.
     0 | D:1      | Reached XP level 1. HP: 9/9 MP: 5/5
   170 | D:2      | Found a burning altar of Makhleb.
   424 | D:2      | Reached XP level 2. HP: 12/13 MP: 7/7
   428 | D:2      | Learned a level 2 spell: Ensorcelled Hibernation
  1041 | D:2      | Reached XP level 3. HP: 16/16 MP: 6/9
  1046 | D:2      | Learned a level 3 spell: Confuse
  1050 | D:2      | Learned a level 3 spell: Tukima's Dance
  1221 | D:3      | Noticed Grinder
  1231 | D:3      | Paralysed by Grinder for 4 turns
  1233 | D:3      | Slain by Grinder

Vault maps used:
D:1:      evilmike_arrival_run_for_it
D:2:      cheibrodos_fertilizer, bloody_makhleb, grunt_ministairs_10,
          minmay_mini_jars
D:3:      portal_sewer_entry_b, uniq_grinder

Skill      XL: |  1  2 |
---------------+-------+-----
Spellcasting   | 3 |  3.5
Short Blades   | 2 |  2.0
Dodging        | |  3.0
Stealth        | |  4.8
Hexes          | |  3.9

Action                   || total
-------------------------++-------
Melee: Dagger            ||   128
 Cast: Ensorcelled Hiber ||     7
 Stab: Sleeping          ||     9
Armor: Robe              ||    11
Dodge: Dodged            ||   125
